 Dungeon Crawl Stone Soup version 0.28.0-1-gb440e238dd (webtiles) character file.

Game seed: 5236515926007382630

19 Crownlay the Chopper (level 2, -5/26 HPs)
             Began as a Hill Orc Fighter on Feb 19, 2022.
             Slain by a black bear (6 damage)
             ... on level 2 of the Dungeon.
             The game lasted 00:00:59 (825 turns).

Crownlay the Chopper (Hill Orc Fighter)              Turns: 825, Time: 00:01:00

Health: -5/26      AC:  6    Str: 18    XL:     2   Next: 75%
Magic:  2/2        EV:  9    Int:  8    God:
Gold:   61         SH:  4    Dex: 10    Spells: 1/1 levels left

rFire   . . .      SeeInvis .   a - +0 war axe
rCold   . . .      Faith    .   c - +0 buckler
rNeg    . . .      Spirit   .   b - +0 scale mail
rPois   .          Reflect  .   (no helmet)
rElec   .          Harm     .   (no cloak)
rCorr   .          Rampage  .   (no gloves)
Will    .....                   (no boots)
Stlth   ..........              (no amulet)
HPRegen 0.08/turn               (no ring)
MPRegen 0.08/turn               (no ring)

@: mighty
A: no striking features
a: no special abilities


You were on level 2 of the Dungeon.
You visited 1 branch of the dungeon, and saw 2 of its levels.

You collected 61 gold pieces.

Inventory:

Hand Weapons
 a - a +0 war axe (weapon)
Armour
 b - a +0 scale mail (worn)
 c - a +0 buckler (worn)
Scrolls
 e - a scroll of identify {unknown}
Potions
 f - a potion of heal wounds {unknown}


   Skills:
 - Level 3.6 Fighting
 * Level 4.1 Axes
 - Level 3.2 Armour
 + Level 3.4 Shields


You had one spell level left.
You didn't know any spells.
Your spell library was empty.

Dungeon Overview and Level Annotations

Branches:
Dungeon (2/15)

Altars:


Message History

You block the black bear's attack.
You completely miss the black bear. The black bear barely misses you.
The black bear claws you but does no damage. x2
You barely miss the black bear.
The black bear bites you but does no damage.
The black bear claws you. You block the black bear's attack.
The black bear bites you.
The black bear claws you but does no damage. x2
You slash the black bear!
The black bear is moderately wounded.
The black bear barely misses you.
The black bear claws you but does no damage. x2
You hit the black bear but do no damage.
The black bear is moderately wounded.
The black bear bites you but does no damage.
The black bear closely misses you.
The black bear claws you but does no damage.
You closely miss the black bear.
The black bear is moderately wounded.
The black bear bites you. The black bear closely misses you.
The black bear claws you but does no damage.
The black bear bites you.
* * * LOW HITPOINT WARNING * * *
The black bear misses you. The black bear claws you.
* * * LOW HITPOINT WARNING * * *
You hit the black bear.
The black bear is moderately wounded.
The black bear bites you.
* * * LOW HITPOINT WARNING * * *
The black bear claws you but does no damage.
The black bear barely misses you.
You completely miss the black bear.
The black bear is moderately wounded.
The black bear bites you.
* * * LOW HITPOINT WARNING * * *
The black bear completely misses you.
The black bear claws you but does no damage.
You feel very mighty all of a sudden. The black bear bites you.
You die...

#.# #.# #.# #.# #.#
. #.# #.#
....########### #.#
#.# .....)h@......#
#.# #.#
....#####.###.####.#
#.# .
...#........###†#
#.#............<#.#
# #..#.#.######...<
#<..............#
#......##########
.....#..# ##......#


You could see a black bear.

Vanquished Creatures
  4 endoplasms (D:1)
  2 giant cockroaches (D:1)
  A goblin (D:1)
  2 hobgoblins (D:1)
  3 ball pythons (D:1)
  A bat (D:1)
  5 rats
18 creatures vanquished.

Notes
Turn   | Place    | Note
-------+----------+-------------------------------------------
     0 | D:1      | Crownlay the Hill Orc Fighter began the quest for the Orb.
     0 | D:1      | Reached XP level 1. HP: 19/19 MP: 1/1
    15 | D:1      | Reached skill level 3 in Axes
   301 | D:1      | Reached XP level 2. HP: 25/26 MP: 2/2
   430 | D:1      | Reached skill level 4 in Axes
   812 | D:2      | Noticed a black bear
   823 | D:2      | HP: 1/26 [black bear (4)]
   825 | D:2      | Slain by a black bear

Illustrated notes

Levels and vault maps discovered:
D:1:      dpeg_arrival_boxorama, layout_rooms
D:2:      layout_loops_ring, ebering_ecumenical_altar_abandoned

Skill      XL: |  1  2 |
---------------+-------+-----
Axes           | 3 4 |  4.1
Fighting       | |  3.6
Armour         | |  3.2
Shields        | |  3.4

Action                   || total
-------------------------++-------
Melee: War axe           ||    52
  Use: Potion            ||     1
Armor: Scale mail        ||    31
Dodge: Dodged            ||    28
Block: Buckler           ||    13
